 Dungeon Crawl Stone Soup version 0.29.1-1-gd02db6906a (webtiles) character file.

Game seed: 17259506622634219056

8 warriortoast the Sneak (level 2, -3/13 HPs)
             Began as a Spriggan Enchanter on Sept 20, 2022.
             Frozen to death by an endoplasm (5 damage)
             ... on level 1 of the Dungeon.
             The game lasted 00:01:46 (212 turns).

warriortoast the Sneak (Spriggan Enchanter)          Turns: 212, Time: 00:01:47

Health: -3/13      AC:  2    Str:  4    XL:     2   Next: 0%
Magic:  6/6        EV: 17    Int: 16    God:
Gold:   0          SH:  0    Dex: 15    Spells: 6/6 levels left

rFire   . . .      SeeInvis +   a - +1 dagger
rCold   . . .      Faith    .   (no shield)
rNeg    . . .      Spirit   .   b - +0 robe
rPois   .          Reflect  .   (helmet restricted)
rElec   .          Harm     .   (no cloak)
rCorr   .          Rampage  .   (gloves unavailable)
Will    .....                   (boots unavailable)
Stlth   +++.......              (no amulet)
HPRegen 0.04/turn               (no ring)
MPRegen 0.10/turn               (no ring)

@: very quick
A: very small, no large weapons, unfitting armour, see invisible, speed 3
a: no special abilities


You were on level 1 of the Dungeon.
You visited 1 branch of the dungeon, and saw 1 of its levels.

Inventory:

Hand Weapons
 a - a +1 dagger (weapon)
Armour
 b - a +0 robe (worn)
Scrolls
 e - a scroll of fear {unknown}
Potions
 c - 2 potions of invisibility
 d - a potion of resistance {unknown}
 f - a potion of heal wounds {unknown}


   Skills:
 + Level 1.3 Short Blades
 + Level 2.9 Dodging
 + Level 4.6 Stealth
 + Level 2.9 Spellcasting
 + Level 3.8 Hexes


You had 6 spell levels left.
You didn't know any spells.
Your spell library contained the following spells:

 Spells                   Type           Power      Damage    Failure   Level
 Confusing Touch          Hex            14%        N/A       12%         3
 Tukima's Dance           Hex            14%        N/A       12%         3
 Ensorcelled Hibernation  Hex/Ice        16%        N/A       13%         2
 Dazzling Flash           Conj/Hex       16%        N/A       26%         3


Dungeon Overview and Level Annotations

Branches:
Dungeon (1/15)

Altars:


Innate Abilities, Weirdness & Mutations

You are very small and have problems with some larger weapons.
You are too small for most types of armour.
You have supernaturally acute eyesight. (SInv)
You cover ground extremely quickly. (Speed+++)


Message History

d - a pink potion
e - a scroll labelled MOTTOT ZEPROA
Found a robe.
A kobold comes into view. It is wielding a +0 short sword.
A bat comes into view.
Found a glowing emerald potion.
Found a stone staircase leading down.
The helpless kobold fails to defend itself.
You impale the kobold!!
You kill the kobold!
The helpless bat fails to defend itself.
You impale the bat!!
You kill the bat!
Found 8 stones.
A frilled lizard comes into view.
Found 9 stones.
Found a scroll labelled NOUKUTZANAT.
The frilled lizard hisses angrily.
A kobold comes into view. It is wielding a +0 short sword.
You see here a glowing emerald potion.
f - a glowing emerald potion A kobold comes into view.
It is wielding a +0 dagger.
You completely miss the kobold.
The kobold shouts!
The kobold throws a stone.
The stone closely misses you. The kobold closely misses you.
The kobold hits you with a +0 short sword.
* * * LOW HITPOINT WARNING * * *
There is a stone staircase leading down here.
The kobold throws a stone.
The stone barely misses you.
A bat comes into view.
An endoplasm comes into view.
The endoplasm quivers.
The helpless bat fails to defend itself.
You impale the bat!!
You kill the bat!
You have reached level 2!
The endoplasm freezes you.
You are frozen.
You die...

##......g..#.....#
######......####...##.#
............# #...##.#
###########.####g.....#
#........####
#........# #......###
##.......# .......@J#
###.#.....# ...#.....#
#........# ..######## .


You could see an endoplasm and a goblin.

Vanquished Creatures
  A dart slug (D:1)
  2 bats (D:1)
  An endoplasm (D:1)
  A kobold (D:1)
  A rat (D:1)
6 creatures vanquished.

Notes
Turn   | Place    | Note
-------+----------+-------------------------------------------
     0 | D:1      | warriortoast the Spriggan Enchanter began the quest for the
                  | Orb.
     0 | D:1      | Reached XP level 1. HP: 9/9 MP: 5/5
   212 | D:1      | Reached XP level 2. HP: 2/13 MP: 6/6
   212 | D:1      | Frozen to death by an endoplasm

Illustrated notes

Levels and vault maps discovered:
D:1:      nagdon_arrival_double_spiral, layout_basic, roderic_lattice_a,
          kennysheep_nondescript, amcnicky_mini_pool_small

Action                   || total
-------------------------++-------
Melee: Dagger            ||     8
 Stab: Sleeping          ||     6
Dodge: Dodged            ||     4
